 Dungeon Crawl Stone Soup version 0.24.0-125-gc4c63601f3 (webtiles) character file.

Game seed: 8215297467225917492, levelgen mode: deterministic

2452 nightchill the Summoner (level 9, 0/66 HPs)
             Began as a Vampire Summoner on Feb 20, 2020.
             Was a Believer of Sif Muna.
             Slain by a wolf (4 damage)
             ... led by Grum
             ... on level 8 of the Dungeon on Feb 21, 2020.
             The game lasted 01:19:22 (13796 turns).

nightchill the Summoner (Vampire Summoner)         Turns: 13796, Time: 01:19:23

Health: 0/66       AC:  6    Str:  9    XL:     9   Next: 25%
Magic:  4/12       EV: 12    Int: 18    God:    Sif Muna [**....]
Gold:   419        SH:  0    Dex: 15    Spells: 2/12 levels left

rFire    . . .     SeeInvis +   a - +0 dagger
rCold    . . .     Gourm    .   (no shield)
rNeg     . . .     Faith    .   f - +0 leather armour (curse)
rPois    .         Spirit   .   c - +0 helmet
rElec    .         Reflect  .   o - +1 cloak
rCorr    .         Harm     .   (no gloves)
MR       .....                  (no boots)
Stlth    ++........             (no amulet)
HPRegen  0.41/turn              (no ring)
MPRegen  0.13/turn              (no ring)

@: regenerating quickly, hasted, very quick
A: no food, fangs 3, see invisible, unbreathing
a: Exsanguinate, Channel Magic, Renounce Religion


You were on level 8 of the Dungeon.
You worshipped Sif Muna.
Sif Muna was pleased with you.
You were alive.

You visited 2 branches of the dungeon, and saw 10 of its levels.

You collected 419 gold pieces.

Inventory:

Hand Weapons
 a - a +0 dagger (weapon)
 b - a +0 hunting sling
 e - a +0 club
Missiles
 h - 60 sling bullets
 j - 300 stones (quivered)
 m - 12 poisoned darts
 u - 65 arrows
 y - 8 boomerangs
Armour
 c - a +0 helmet (worn)
 f - a cursed +0 leather armour (worn)
 k - the +2 buckler of Dyspraxia {+Fly Str+4}
   (You found it on level 6 of the Dungeon)

   It affects your strength (+4).
   It lets you fly.
 o - a +1 cloak (worn)
 q - a +1 ring mail of poison resistance
 s - a +3 ring mail
 B - a +2 leather armour of fire resistance
 D - a +2 robe of magic resistance
Jewellery
 n - an uncursed ring of protection from magic {unknown}
 z - an uncursed ring of wizardry {unknown}
Wands
 p - a wand of random effects (16)
 A - a wand of scattershot (7)
Scrolls
 i - 2 scrolls of enchant armour
 t - 3 scrolls of teleportation
Potions
 d - a potion of lignification
 l - 2 potions of curing
 v - a potion of flight
 w - a potion of mutation
 x - 2 potions of haste
 C - a potion of ambrosia {unknown}


   Skills:
 + Level 4.5 Fighting
 + Level 5.2 Short Blades
 - Level 2.1 Dodging
 - Level 3.0 Stealth
 - Level 2.0 Spellcasting
 + Level 9.1 Summonings
 - Level 5.2 Air Magic
 * Level 2.4 Invocations


You had 2 spell levels left.
You knew the following spells:

 Your Spells              Type           Power        Failure   Level  Hunger
a - Summon Small Mammal   Summ           ####         1%          1    N/A
b - Call Imp              Summ           ####....     1%          2    N/A
c - Call Canine Familiar  Summ           ####....     1%          3    N/A
d - Summon Lightning Spi  Summ/Air       ####....     13%         4    N/A

Your spell library contained the following spells:

 Spells                   Type           Power        Failure   Level  Hunger
 Freeze                   Ice            #...         26%         1    N/A
 Throw Frost              Conj/Ice       #.....       36%         2    N/A
 Summon Guardian Golem    Hex/Summ       ###.....     12%         3    N/A
 Summon Ice Beast         Ice/Summ       ###.....     36%         4    N/A
 Ozocubu's Armour         Chrm/Ice       #.......     58%         3    N/A
 Throw Icicle             Conj/Ice       #.......     94%         4    N/A

Dungeon Overview and Level Annotations

Branches:
Dungeon (9/15)             Temple (1/1) D:6
   Lair: D:8-11         Orc: D:9-12

Altars:
Ashenzari
Cheibriados
Dithmenos
Elyvilon
Fedhas
Gozag
Hepliaklqana
Kikubaaqudgha
Makhleb
Nemelex Xobeh
Okawaru
Qazlal
Ru
Sif Muna
Trog
Uskayaw
Vehumet
Wu Jian
Xom
Yredelemnul
Zin
The Shining One

Annotations:
D:3 1 runed translucent door, hurston's ghost, amateur GnWn
D:4 exclusions: 2 downstairs and jackal, Eustachio
D:5 exclusion: downstairs
D:6 !centaur, exclusion: downstairs
D:7 exclusions: downstairs and upstairs
D:8 1 exclusion


Innate Abilities, Weirdness & Mutations

You do not eat.
Your natural rate of healing is unusually fast.
You have razor-sharp teeth.
You have supernaturally acute eyesight. (SInv)
You can survive without breathing.


Message History

The wolf bites you.
You hit the wolf but do no damage.
The wolf is lightly wounded.
The wolf bites you!
* * * LOW HITPOINT WARNING * * *
Your crimson imp blinks!
The wolf bites you.
* * * LOW HITPOINT WARNING * * *
Your crimson imp blinks!
The wolf barely misses you. The wolf closely misses you.
The wolf completely misses you.
Casting: Call Imp (safe; 1% risk of failure)
Confirm with . or Enter, or press ? or * to list all spells.
A beastly little devil appears in a puff of frigid air.
The wolf misses you. The wolf bites you!
* * * LOW HITPOINT WARNING * * *
You feel yourself speed up. The wolf bites you.
You die...

#.....................
##.###.#...###.#.#.#.#.
#.†8...##..# #.........
#.5#######.###...#.#.#.
#>§5.55# ##[...........
#.####5# ######.#.#.#.
#.# #.# #....... #.#
#h# ##.##.#. #.# #@#
#...... #.####.#######
####...
#............#### #...
#######.####....####...
#.# #...........
#.######.#.#.##..
#.#....>.........
#.#..[##.#.#.##.#
#.###.##.........


You could see a wolf, 2 friendly crimson imps and a friendly white imp.

Vanquished Creatures
  Edmund (D:6)
  A black bear (D:7)
  An ice beast (D:8)
  A centaur (D:6)
  2 bullfrog zombies
  2 jellies
  A worker ant (D:5)
  A hound zombie (D:6)
  A hound skeleton (D:5)
  A gnoll (D:4)
  2 adders
  2 river rats (D:6)
  A dart slug (D:3)
  2 leopard geckos
  5 orcs
  7 giant cockroaches
  4 goblins (D:3)
  A hobgoblin (D:1)
  3 jackals (D:4)
  3 quokkas
  2 bats (D:1)
  3 frilled lizards
  3 kobolds
  3 rats
53 creatures vanquished.

Vanquished Creatures (collateral kills)
  Pikel (D:8)
  Joseph (D:7)
  Prince Ribbit (D:8)
  Grum (D:9)
  A black bear (D:7)
  An orc warrior (D:7)
  2 ice beasts (D:5)
  4 ogres (D:6)
  A slave (D:8)
  A wolf (D:8)
  Blork the orc (D:4)
  3 bullfrogs
  A gnoll sergeant (D:8)
  A scorpion (D:8)
  2 water moccasin skeletons
  A howler monkey (D:5)
  2 wights (D:9)
  5 crimson imps
  A quasit (D:4)
  4 hounds
  A jelly (D:9)
  5 orc priests
  7 orc wizards
  2 bullfrog skeletons
  A worker ant (D:7)
  A hound skeleton (D:7)
  9 gnolls
  10 adders
  8 river rats (D:6)
  3 oozes
  An adder zombie (D:9)
  2 dart slugs (D:1)
  3 worms (D:2)
  2 leopard geckos
  25 orcs
  2 ball pythons
  4 giant cockroaches
  7 goblins
  2 hobgoblins
  5 jackals
  9 quokkas
  3 bats
  3 frilled lizards
  6 kobolds
  17 rats
173 creatures vanquished.

Grand Total: 226 creatures vanquished

Notes
Turn   | Place    | Note
-------+----------+-------------------------------------------
     0 | D:1      | nightchill the Vampire Summoner began the quest for the
                  | Orb.
     0 | D:1      | Reached XP level 1. HP: 13/13 MP: 3/3
   509 | D:1      | Reached XP level 2. HP: 20/20 MP: 0/5
   516 | D:1      | Learned a level 2 spell: Call Imp
   544 | D:1      | Reached skill level 1 in Fighting
   600 | D:1      | You fall into a shaft and drop 1 floor!
  1957 | D:2      | Reached skill level 1 in Short Blades
  1957 | D:2      | Reached XP level 3. HP: 26/26 MP: 1/6
  2040 | D:2      | Learned a level 3 spell: Call Canine Familiar
  3427 | D:3      | Found a runed translucent door.
  3427 | D:3      | Noticed hurston's ghost (amateur GnWn)
  3507 | D:3      | Reached XP level 4. HP: 30/33 MP: 5/7
  3530 | D:3      | Found a basalt altar of Yredelemnul.
  4500 | D:4      | Noticed Blork the orc
  4522 | D:4      | Killed Blork the orc
  4611 | D:4      | Noticed Eustachio
  5191 | D:4      | Reached skill level 5 in Summonings
  5191 | D:4      | Reached XP level 5. HP: 39/39 MP: 2/8
  5794 | D:4      | Found a sacrificial altar of Ru.
  6253 | D:5      | Entered Level 5 of the Dungeon
  6474 | D:5      | Noticed an ice beast
  6764 | D:5      | Reached XP level 6. HP: 46/46 MP: 2/9
  6795 | D:5      | Noticed an ice beast
  6811 | D:5      | Killed an ice beast
  6922 | D:5      | Killed an ice beast
  7252 | D:5      | Reached skill level 6 in Summonings
  7777 | D:6      | Reached XP level 7. HP: 52/52 MP: 3/10
  8304 | D:6      | Found a white marble altar of Elyvilon.
  8553 | D:6      | Noticed Edmund
  8581 | D:6      | Killed Edmund
  8659 | D:6      | Found a staircase to the Ecumenical Temple.
  8677 | Temple   | Entered the Ecumenical Temple
  8844 | Temple   | Became a worshipper of Sif Muna the Loreminder
  9281 | D:6      | Reached skill level 7 in Summonings
  9340 | D:6      | Learned a level 4 spell: Summon Lightning Spire
  9379 | D:6      | Got a transparent buckler
  9380 | D:6      | Identified the +2 buckler of Dyspraxia {+Fly Str+4} (You
                  | found it on level 6 of the Dungeon)
  9581 | D:6      | Reached * piety under Sif Muna
  9591 | D:6      | Reached skill level 1 in Air Magic
 10303 | D:6      | Reached XP level 8. HP: 57/60 MP: 4/11
 10677 | D:7      | Reached ** piety under Sif Muna
 11413 | D:7      | Noticed Joseph
 11456 | D:7      | Killed Joseph
 11456 | D:7      | Reached skill level 8 in Summonings
 11743 | D:7      | Found a hazy altar of Hepliaklqana.
 11747 | D:7      | Found an opulent altar of Gozag.
 11795 | D:7      | Found a sparkling altar of Nemelex Xobeh.
 12416 | D:8      | Noticed Pikel
 12436 | D:8      | Noticed Prince Ribbit
 12786 | D:8      | Killed Prince Ribbit
 12786 | D:8      | Reached skill level 5 in Air Magic
 13014 | D:8      | Killed Pikel
 13014 | D:8      | Reached skill level 5 in Short Blades
 13014 | D:8      | Reached skill level 9 in Summonings
 13014 | D:8      | Reached skill level 1 in Invocations
 13014 | D:8      | Reached XP level 9. HP: 41/66 MP: 1/12
 13630 | D:9      | Noticed Grum
 13637 | D:9      | Killed Grum
 13795 | D:8      | HP: 3/66 [wolf[Grum] (11)]
 13796 | D:8      | Slain by a wolf

Levels and vault maps discovered:
D:1:      sevenhm_arrival_forest_fort_large_4, layout_basic, glass_columns_b,
          minmay_tripent
D:2:      layout_loops_ring, first_ration
D:3:      kennysheep_the_goblin_king, layout_loops_ring,
          nicolae_overflow_hidden_temple, ebering_ghost_reflecting_pool
D:4:      layout_basic, nicolae_ru_path_of_blood, minmay_shop_damaged,
          uniq_blork_the_orc, uniq_eustachio, uniq_grinder
D:5:      layout_rooms
D:6:      lemuel_ratsnest, layout_cave_pools, minmay_temple_entry_ruins,
          gup_sewer_entry_spiral, elyvilon_altar_3, uniq_edmund
D:7:      layout_layer_cave, grunt_temple_overflow_open, uniq_joseph
D:8:      layout_loops_ring, serial_glass, glass_columns_a, glass_columns_a,
          glass_columns_a, glass_columns_c, glass_columns_a, glass_columns_a,
          glass_columns_c, glass_columns_b, david_nohive_1, uniq_pikel,
          uniq_psyche, uniq_prince_ribbit1
D:9:      layout_basic, serial_shops, shop, uniq_grum
Temple:   eino_temple_rhombus

Skill      XL: |  1  2  3  4  5  6  7  8  9 |
---------------+----------------------------+-----
Fighting       | 1 2 3 4 |  4.5
Short Blades   | 1 2 3 4 5 |  5.2
Summonings     | 5 6 7 9 |  9.1
Air Magic      | 1 5 |  5.2
Invocations    | 1 2 |  2.4
Dodging        | |  2.1
Stealth        | |  3.0
Spellcasting   | |  2.0

Action                   |  1- 3 |  4- 6 |  7- 9 || total
-------------------------+-------+-------+-------++-------
Melee: Dagger            |    76 |   197 |   246 ||   519
       Bite              |     8 |    11 |    19 ||    38
 Fire: Hunting sling     |       |    12 |    28 ||    40
Throw: Stone             |     6 |     1 |     3 ||    10
       Dart              |       |     5 |       ||     5
 Cast: Summon Small Mamm |    58 |    27 |    10 ||    95
       Call Imp          |    14 |    44 |    58 ||   116
       Call Canine Famil |     8 |    24 |    13 ||    45
       Summon Lightning  |       |       |    36 ||    36
Invok: Channel Magic     |       |       |     2 ||     2
  Use: Scroll            |       |       |    12 ||    12
       Potion            |       |       |     4 ||     4
 Stab: Sleeping          |     3 |     3 |     3 ||     9
       Distracted        |       |     1 |     7 ||     8
Armor: Robe              |     9 |       |       ||     9
       Leather armour    |    13 |   102 |    84 ||   199
Dodge: Dodged            |    56 |   213 |   176 ||   445
